[Event "Titled Tuesday Blitz May 30 Early 2023"]
[White "Andrew_Ledger"]
[Black "Ciuffoletti, Paolo"]
[BlackFideId "807630"]
[WhiteElo "2127"]
[BlackElo "2143"]
[Result "0-1"]
[Round "09"]
[TimeControl "180+2"]
[Date "2023.05.30"]
[WhiteClock "0:00:31"]
[BlackClock "0:00:18"]

1. c4 g6 2. g3 Bg7 3. Bg2 d6 4. Nc3 e5 5. d3 f5 6. e4 Nf6 7. Nge2 O-O 8. O-O c6 9. h3 Be6 10. Be3 fxe4 11. dxe4 Bxc4 12. b3 Be6 13. Qd2 Qd7 14. Kh2 Na6 15. Rad1 Rfd8 16. f4 exf4 17. Nxf4 Bf7 18. Bd4 Ne8 19. h4 Bxd4 20. Qxd4 Ng7 21. Bh3 Qe7 22. Rf2 Ne6 23. Bxe6 Bxe6 24. Re1 Bg4 25. Ncd5 cxd5 26. Nxd5 Qe5 27. Nf6+ Kg7 28. Qxe5 dxe5 29. Nxg4 Re8 30. Rd1 Re7 31. Rc2 b6 32. a3 Nc5 33. b4 Nxe4 34. Re1 Nf6 35. Nxe5 Rae8 36. Rce2 Ng4+ 37. Nxg4 Rxe2+ 38. Rxe2 Rxe2+ 39. Kh3 Ra2 0-1


[Site "https://www.chess.com"]

[Event "Titled Tuesday Blitz May 30 Early 2023"]
[White "Winkels, Marcel"]
[Black "KSho99"]
[WhiteFideId "1003887"]
[WhiteElo "1900"]
[BlackElo "2167"]
[Result "0-1"]
[Round "09"]
[TimeControl "180+2"]
[Date "2023.05.30"]
[WhiteClock "0:01:30"]
[BlackClock "0:00:26"]

1. e4 c6 2. d4 d5 3. f3 dxe4 4. fxe4 e5 5. dxe5 Qh4+ 6. Ke2 Qxe4+ 7. Kd2 Bc5 8. Qe2 Qd4+ 9. Ke1 Bg4 10. Nf3 Bxf3 11. gxf3 Qh4+ 12. Kd1 Ne7 13. c3 O-O 14. Be3 Rd8+ 15. Kc2 Bxe3 16. Qxe3 Nd5 17. Qe4 Qxe4+ 18. fxe4 Ne3+ 19. Kb3 Nd7 20. Na3 Nc5+ 21. Kb4 b6 22. Nc4 Nc2# 0-1


[Site "https://www.chess.com"]

[Event "Titled Tuesday Blitz May 30 Early 2023"]
[White "Guevara Sanchez, Erick Marvin"]
[Black "Steenbekkers, Franck"]
[WhiteFideId "6700136"]
[BlackFideId "1004220"]
[WhiteElo "2040"]
[BlackElo "2102"]
[Result "0-1"]
[Round "09"]
[TimeControl "180+2"]
[Date "2023.05.30"]
[WhiteClock "0:01:35"]
[BlackClock "0:02:17"]

1. e4 c5 2. Nf3 Nc6 3. d4 cxd4 4. Nxd4 Nf6 5. Nc3 e5 6. Ndb5 d6 7. Nd5 Nxd5 8. exd5 Ne7 9. c4 Ng6 10. Bd3 Be7 11. O-O O-O 12. a4 f5 13. a5 a6 14. Nc3 e4 15. Bc2 Ne5 16. b3 Bg5 17. Bb2 Bf4 18. Ne2 Bxh2+ 19. Kxh2 Qh4+ 20. Kg1 Ng4 21. Re1 Qxf2+ 22. Kh1 Ne3 23. Rg1 Qh4# 0-1


[Site "https://www.chess.com"]

[Event "Titled Tuesday Blitz May 30 Early 2023"]
[White "Sanchez, Robert"]
[Black "Lakshmi C"]
[WhiteFideId "2034360"]
[BlackFideId "25035347"]
[WhiteElo "1820"]
[BlackElo "1942"]
[Result "0-1"]
[Round "09"]
[TimeControl "180+2"]
[Date "2023.05.30"]
[WhiteClock "0:00:16"]
[BlackClock "0:00:11"]

1. e4 b6 2. Nf3 Bb7 3. Bc4 e6 4. Nc3 Ne7 5. O-O d5 6. exd5 exd5 7. Bb5+ c6 8. Be2 g6 9. d4 Bg7 10. Bg5 O-O 11. Re1 f6 12. Bf4 Nf5 13. Bd3 Bc8 14. a4 Na6 15. Na2 Nd6 16. h3 Kh8 17. Qe2 Re8 18. Qf1 Nc7 19. Rxe8+ Ndxe8 20. Re1 Ne6 21. Bd2 c5 22. c4 dxc4 23. Bxc4 N8c7 24. dxc5 Nxc5 25. Bf4 N7e6 26. Rd1 Qe8 27. Bd6 Bb7 28. Nd4 Nxd4 29. Rxd4 f5 30. Bb5 Qe6 31. Bxc5 bxc5 32. Rd7 Qxa2 33. Rxb7 Rd8 34. Qe2 Qa1+ 35. Kh2 Qxb2 36. Qxb2 Bxb2 37. Rxa7 Be5+ 38. g3 Rd2 39. Kg2 Bd4 40. g4 Rxf2+ 41. Kg3 f4+ 42. Kh4 h6 43. g5 Rg2 44. Ra8+ Kg7 45. Ra7+ Kf8 46. gxh6 Bf2# 0-1


[Site "https://www.chess.com"]

[Event "Titled Tuesday Blitz May 30 Early 2023"]
[White "dDobravcan"]
[Black "Kiseljova, Marya"]
[BlackFideId "4155009"]
[WhiteElo "2097"]
[BlackElo "1831"]
[Result "1-0"]
[Round "09"]
[TimeControl "180+2"]
[Date "2023.05.30"]
[WhiteClock "0:00:01"]
[BlackClock "0:00:03"]

1. e4 c5 2. b4 d5 3. exd5 Qxd5 4. bxc5 Qe5+ 5. Be2 Qxa1 6. Nc3 e6 7. Bc4 Bxc5 8. Nge2 Nc6 9. O-O a6 10. d4 Bb4 11. Qd3 Bxc3 12. Nxc3 Nb4 13. Qd2 b5 14. Bb3 Nf6 15. Ba3 Qxf1+ 16. Kxf1 Nc6 17. d5 b4 18. dxc6 bxa3 19. Qd6 h5 20. c7 Nd7 21. Ne4 Rh6 22. Ba4 e5 23. Qxe5+ Re6 24. Qd5 Ra7 25. Nd6+ Kf8 26. Nxc8 Rxc7 27. Bxd7 Rxc2 28. Bxe6 fxe6 29. Qxe6 Rb2 30. Qe7+ Kg8 31. Nd6 Kh7 32. Qe4+ Kg8 33. h4 a5 34. Nf5 Kh7 35. Qe7 Rb1+ 36. Ke2 Rb2+ 37. Kf3 Kg6 38. Qe6+ Kh7 39. Qf7 Rxf2+ 40. Kxf2 Kh8 41. Qxg7# 1-0


[Site "https://www.chess.com"]

[Event "Titled Tuesday Blitz May 30 Early 2023"]
[White "Dubov, Daniil"]
[Black "Nihal Sarin"]
[WhiteFideId "24126055"]
[BlackFideId "25092340"]
[WhiteElo "2793"]
[BlackElo "2689"]
[Result "1/2-1/2"]
[Round "10"]
[TimeControl "180+2"]
[Date "2023.05.30"]
[WhiteClock "0:00:13"]
[BlackClock "0:00:08"]

1. c4 e6 2. Nf3 d5 3. d4 Nf6 4. g3 Bb4+ 5. Nbd2 O-O 6. Bg2 b6 7. O-O Bb7 8. Ne5 a5 9. a3 Be7 10. b3 c5 11. Bb2 Nc6 12. cxd5 Nxd5 13. Nxc6 Bxc6 14. e4 Nf6 15. e5 Nd5 16. dxc5 bxc5 17. Ne4 a4 18. Rc1 Qb6 19. Qg4 Kh8 20. Ng5 Qxb3 21. Nxf7+ Rxf7 22. Qxe6 Raf8 23. Qxc6 Qxb2 24. Rb1 Qd4 25. Qxd5 Rxf2 26. Qxd4 Rxf1+ 27. Bxf1 cxd4 28. Bd3 g6 29. Rb7 Bxa3 30. Ra7 Re8 31. Rxa4 Bc5 32. Ra5 Rxe5 33. Kg2 Kg7 34. Rb5 Kf6 35. Bc4 h5 36. Ra5 g5 37. h3 g4 38. hxg4 hxg4 39. Ra6+ Ke7 40. Rg6 Re4 41. Kf1 Bd6 42. Be2 Bxg3 43. Rxg4 Rxg4 44. Bxg4 d3 45. Bf5 d2 46. Ke2 d1=Q+ 47. Kxd1 1/2-1/2


[Site "https://www.chess.com"]

[Event "Titled Tuesday Blitz May 30 Early 2023"]
[White "Martinez Alcantara, Jose Eduardo"]
[Black "Naroditsky, Daniel"]
[WhiteFideId "3805662"]
[BlackFideId "2026961"]
[WhiteElo "2711"]
[BlackElo "2633"]
[Result "0-1"]
[Round "10"]
[TimeControl "180+2"]
[Date "2023.05.30"]
[WhiteClock "0:00:02"]
[BlackClock "0:00:04"]

1. e4 c6 2. d4 d5 3. e5 c5 4. dxc5 e6 5. c3 Bxc5 6. Qg4 Kf8 7. Bd3 Nc6 8. Nf3 Nge7 9. b4 Bb6 10. b5 Nb8 11. Ba3 Nd7 12. Nbd2 Bc5 13. Bb4 Qc7 14. Qf4 b6 15. O-O Ke8 16. Rfe1 h6 17. Nd4 Bb7 18. N2f3 Rc8 19. h4 Rf8 20. Qg4 g6 21. Qf4 Rh8 22. a4 Nf5 23. a5 Kf8 24. a6 Ba8 25. Rab1 Kg7 26. g4 Nxd4 27. cxd4 Bxb4 28. Rxb4 Qc3 29. Qd2 Qa3 30. Re3 Rc3 31. Rb1 Rhc8 32. Kg2 Qe7 33. Rb2 Qa3 34. Rb1 Nc5 35. Ne1 Nb3 36. Rxb3 Qxb3 37. Rf3 Qb4 38. Qf4 Qe7 39. g5 hxg5 40. hxg5 Rh8 41. Rg3 Kg8 42. Qd2 Rc4 43. Nf3 Rh5 44. Qe3 Qc7 45. Nh2 Rc1 46. Ng4 Rhh1 47. Kf3 Qc3 48. Kf4 Rcd1 49. Nf6+ Kg7 50. Ne8+ Kf8 51. Nf6 Rhe1 52. Rh3 Rh1 53. Rxh1 Rxh1 54. Kg3 Qa1 55. Ng4 Qg1+ 56. Kf4 Rh4 57. Qf3 Qc1+ 58. Kg3 Qxg5 59. Be2 Rh5 60. Kg2 Qh4 61. Qf4 Qh3+ 62. Kg1 Qh1# 0-1


[Site "https://www.chess.com"]

[Event "Titled Tuesday Blitz May 30 Early 2023"]
[White "Kuzubov, Yuriy"]
[Black "Nepomniachtchi, Ian"]
[WhiteFideId "14112906"]
[BlackFideId "4168119"]
[WhiteElo "2496"]
[BlackElo "2781"]
[Result "0-1"]
[Round "10"]
[TimeControl "180+2"]
[Date "2023.05.30"]
[WhiteClock "0:00:14"]
[BlackClock "0:01:48"]

1. d4 Nf6 2. c4 g6 3. g3 Bg7 4. Bg2 O-O 5. e3 c5 6. dxc5 Na6 7. Ne2 Nxc5 8. O-O d6 9. Nbc3 Bf5 10. b3 Qd7 11. Re1 Nd3 12. Rf1 Nxc1 13. Rxc1 Bh3 14. Bxh3 Qxh3 15. Nf4 Qd7 16. Nfd5 Ne8 17. Qd2 e6 18. Nf4 Nf6 19. Rfd1 Rfd8 20. Nfe2 a6 21. Na4 Qe7 22. Nb6 Rab8 23. Qb4 h5 24. Kg2 h4 25. a4 Ne4 26. f3 Nc5 27. Rb1 Qf6 28. Rf1 Qf5 29. Qd2 h3+ 30. Kg1 d5 31. cxd5 exd5 32. a5 Ne6 33. Rbd1 d4 34. e4 Qb5 35. Nd5 Qxb3 36. Rb1 Qa3 37. Rfd1 Qxf3 38. Qd3 Qg2# 0-1


[Site "https://www.chess.com"]

[Event "Titled Tuesday Blitz May 30 Early 2023"]
[White "Sjugirov, Sanan"]
[Black "Le, Tuan Minh"]
[WhiteFideId "4189302"]
[BlackFideId "12401153"]
[WhiteElo "2569"]
[BlackElo "2566"]
[Result "1-0"]
[Round "10"]
[TimeControl "180+2"]
[Date "2023.05.30"]
[WhiteClock "0:00:04"]
[BlackClock "0:00:01"]

1. e4 c5 2. Nc3 Nc6 3. Nge2 g6 4. d4 cxd4 5. Nxd4 Bg7 6. Be3 Nf6 7. Bc4 O-O 8. Bb3 Qa5 9. O-O d6 10. h3 Bd7 11. f4 Rac8 12. Qf3 Qh5 13. Qxh5 Nxh5 14. Rad1 Rfd8 15. Nde2 Nf6 16. Rd2 b5 17. a3 a5 18. Ng3 b4 19. axb4 axb4 20. Na4 Be6 21. Nb6 Rb8 22. Ba4 Na5 23. f5 Bd7 24. Bxd7 Nxd7 25. Nxd7 Rxd7 26. b3 Nc6 27. Ne2 Rc8 28. Nf4 Bc3 29. Re2 Nd4 30. Ref2 gxf5 31. Nd5 Rc5 32. Nxc3 e5 33. Bxd4 exd4 34. Nd5 Kg7 35. Rxf5 Rxc2 36. Nxb4 Rb2 37. Nd3 Rxb3 38. R1f3 Ra7 39. Rd5 Ra1+ 40. Kh2 Ra2 41. Rxd4 Rd2 42. Rxd6 Ra3 43. Rd7 Raa2 44. Rdxf7+ Kg8 45. Rf8+ Kg7 46. R3f7+ Kg6 47. Ne5+ Kh6 48. Rf6+ Kg7 49. R6f7+ Kh6 50. Ng4+ Kg6 51. Rf6+ Kg5 52. Rg8+ Kh5 53. Rh6# 1-0


[Site "https://www.chess.com"]

[Event "Titled Tuesday Blitz May 30 Early 2023"]
[White "Bluebaum, Matthias"]
[Black "Ahmadzada, Ahmad"]
[WhiteFideId "24651516"]
[BlackFideId "13413007"]
[WhiteElo "2639"]
[BlackElo "2388"]
[Result "1-0"]
[Round "10"]
[TimeControl "180+2"]
[Date "2023.05.30"]
[WhiteClock "0:00:47"]
[BlackClock "0:00:03"]

1. d4 Nf6 2. c4 c5 3. d5 e6 4. Nc3 exd5 5. cxd5 d6 6. Nf3 a6 7. a4 g6 8. Bg5 Bg7 9. Nd2 h6 10. Bh4 g5 11. Bg3 Nh5 12. e4 Nxg3 13. hxg3 Nd7 14. Nc4 Ne5 15. Ne3 Qe7 16. f4 Ng6 17. Qf3 Bd7 18. Bd3 Rb8 19. O-O O-O 20. Nf5 Qd8 21. Rae1 c4 22. Nxg7 Kxg7 23. Bb1 f6 24. Qe3 b5 25. axb5 axb5 26. e5 fxe5 27. Bxg6 Kxg6 28. fxe5 Rxf1+ 29. Rxf1 Qb6 30. Qxb6 Rxb6 31. e6 Be8 32. Rf8 Rb8 33. Ne4 Kg7 34. Rxe8 Rxe8 35. Nxd6 Re7 36. Nf5+ Kf6 37. Nxe7 b4 38. Nc6 c3 39. bxc3 b3 40. e7 Kf7 41. Ne5+ 1-0


[Site "https://www.chess.com"]

[Event "Titled Tuesday Blitz May 30 Early 2023"]
[White "Kramnik, Vladimir"]
[Black "Bachmann, Axel"]
[WhiteFideId "4101588"]
[BlackFideId "3700488"]
[WhiteElo "2703"]
[BlackElo "2605"]
[Result "1-0"]
[Round "10"]
[TimeControl "180+2"]
[Date "2023.05.30"]
[WhiteClock "0:00:03"]
[BlackClock "0:00:02"]

1. e4 c6 2. d4 d5 3. Nd2 dxe4 4. Nxe4 Nd7 5. c3 Ngf6 6. Bd3 Nxe4 7. Bxe4 Nf6 8. Bc2 Bg4 9. Ne2 e6 10. f3 Bh5 11. Nf4 Bd6 12. Nxh5 Nxh5 13. g3 Nf6 14. Qd3 Qc7 15. Be3 O-O-O 16. O-O-O h5 17. Bg5 c5 18. Qc4 Rd7 19. Bxf6 gxf6 20. d5 Re7 21. Rhe1 h4 22. dxe6 hxg3 23. exf7 Bf4+ 24. Kb1 Rxf7 25. Qe6+ Kb8 26. hxg3 Bxg3 27. Rh1 Rhf8 28. Bf5 Re7 29. Qc4 a6 30. Rd5 Rd8 31. Rxc5 Qb6 32. Rc8+ Rxc8 33. Qxc8+ Ka7 34. Be4 Be5 35. Qc4 Rd7 36. Qb3 Rc7 37. Qxb6+ Kxb6 38. Kc2 Ka7 39. Rd1 b5 40. a3 Kb6 41. Rd8 Rg7 42. Kb3 Re7 43. Rc8 Re6 44. a4 Rd6 45. Rb8+ Ka7 46. Rb7+ Ka8 47. Rxb5+ Ka7 48. Rb7+ Ka8 49. Rb6+ Ka7 50. Rxd6 Bxd6 51. Kc4 Kb6 52. b4 a5 53. Kb3 Be5 54. Kc4 Ka6 55. Bd3 Kb6 56. Kb3 Bd6 57. Kc4 Be5 58. Bf1 Bd6 59. Bh3 Be5 60. Bd7 Ka6 61. Bc6 Kb6 62. Bb5 Bd6 63. bxa5+ Kxa5 64. Kd5 Ba3 65. Ke6 Bb2 66. Kxf6 Bxc3+ 67. Ke6 Kb6 68. f4 1-0


[Site "https://www.chess.com"]

[Event "Titled Tuesday Blitz May 30 Early 2023"]
[White "Lazavik, Denis"]
[Black "Durarbayli, Vasif"]
[WhiteFideId "13515110"]
[BlackFideId "13402935"]
[WhiteElo "2560"]
[BlackElo "2551"]
[Result "1-0"]
[Round "10"]
[TimeControl "180+2"]
[Date "2023.05.30"]
[WhiteClock "0:01:12"]
[BlackClock "0:00:00"]

1. d4 Nf6 2. c4 e6 3. Nc3 Bb4 4. e3 O-O 5. Bd3 Re8 6. Ne2 d6 7. a3 Bxc3+ 8. Nxc3 e5 9. O-O e4 10. Be2 Bf5 11. b4 Nbd7 12. Bb2 c6 13. a4 Nf8 14. d5 Ng6 15. a5 a6 16. dxc6 bxc6 17. b5 axb5 18. cxb5 Rxa5 19. Rxa5 Qxa5 20. bxc6 Qb4 21. Ba1 Ne7 22. Nb5 Nfd5 23. Qc2 Rc8 24. Nd4 Qc5 25. Qb2 Nf6 26. Rc1 Qe5 27. Qb7 Bg4 28. h3 Bxe2 29. Nxe2 Qe6 30. Nf4 1-0


[Site "https://www.chess.com"]

[Event "Titled Tuesday Blitz May 30 Early 2023"]
[White "Zemlyanskii, Ivan"]
[Black "Deac, Bogdan-Daniel"]
[WhiteFideId "24249971"]
[BlackFideId "1226380"]
[WhiteElo "2421"]
[BlackElo "2649"]
[Result "0-1"]
[Round "10"]
[TimeControl "180+2"]
[Date "2023.05.30"]
[WhiteClock "0:00:00"]
[BlackClock "0:02:22"]

1. d4 b5 2. e4 Bb7 3. Bxb5 Bxe4 4. Nf3 c6 5. Ba4 Qa5+ 6. Nc3 Nf6 7. O-O Bxf3 8. Qxf3 e6 9. Bb3 d5 10. Ne2 Bd6 11. Ng3 Nbd7 12. c3 h5 13. h4 Qc7 14. Bg5 Be7 0-1


[Site "https://www.chess.com"]

[Event "Titled Tuesday Blitz May 30 Early 2023"]
[White "Kravtsiv, Martyn"]
[Black "Narayanan, Srinath"]
[WhiteFideId "14113147"]
[BlackFideId "5018420"]
[WhiteElo "2695"]
[BlackElo "2438"]
[Result "1-0"]
[Round "10"]
[TimeControl "180+2"]
[Date "2023.05.30"]
[WhiteClock "0:00:21"]
[BlackClock "0:00:06"]

1. e4 c5 2. Nf3 d6 3. Bb5+ Bd7 4. Bxd7+ Nxd7 5. O-O Ngf6 6. Qe2 e6 7. d4 cxd4 8. Nxd4 Be7 9. c4 O-O 10. Nc3 Qa5 11. Rd1 Rac8 12. Ndb5 Ne5 13. Bd2 Qd8 14. Nxa7 Rxc4 15. Nab5 Qb6 16. Be3 Qc6 17. Na7 Qa6 18. Nab5 Nxe4 19. Bd4 Nxc3 20. Nxc3 Nc6 21. Be3 d5 22. a4 Bf6 23. Bd2 Nd4 24. Qd3 Nb3 25. Nxd5 Nxa1 26. Nxf6+ gxf6 27. Qg3+ Kh8 28. Bh6 1-0


[Site "https://www.chess.com"]

[Event "Titled Tuesday Blitz May 30 Early 2023"]
[White "Ibarra Jerez, Jose Carlos"]
[Black "Baskakov, Egor"]
[WhiteFideId "2226332"]
[BlackFideId "24197866"]
[WhiteElo "2638"]
[BlackElo "2225"]
[Result "1-0"]
[Round "10"]
[TimeControl "180+2"]
[Date "2023.05.30"]
[WhiteClock "0:00:33"]
[BlackClock "0:00:50"]

1. e4 c5 2. Nf3 Nf6 3. e5 Nd5 4. d4 cxd4 5. Qxd4 e6 6. a3 Nc6 7. Qd1 d6 8. c4 Nc7 9. Bf4 d5 10. Nc3 Be7 11. h4 O-O 12. Bd3 h6 13. Bb1 f5 14. exf6 Rxf6 15. Bxc7 Qxc7 16. cxd5 exd5 17. Nxd5 Re6+ 18. Kf1 Qd6 19. Nxe7+ Qxe7 20. Ba2 Kh8 21. Bxe6 Bxe6 22. Kg1 Bg4 23. Qb3 Rf8 24. Re1 Rxf3 25. gxf3 Qxe1+ 26. Kg2 Be6 27. Qxb7 Qd2 28. Qxc6 Bg8 29. Qc3 Qd8 30. Rh3 Qe7 31. Rg3 Bd5 32. Qc8+ 1-0


[Site "https://www.chess.com"]

[Event "Titled Tuesday Blitz May 30 Early 2023"]
[White "Gorovets, Andrey"]
[Black "Makarian, Rudik"]
[WhiteFideId "13504037"]
[BlackFideId "44105681"]
[WhiteElo "2459"]
[BlackElo "2461"]
[Result "1-0"]
[Round "10"]
[TimeControl "180+2"]
[Date "2023.05.30"]
[WhiteClock "0:00:07"]
[BlackClock "0:00:03"]

1. Nf3 Nf6 2. g3 b5 3. Bg2 Bb7 4. d3 e6 5. O-O Be7 6. a4 b4 7. e4 d5 8. Nbd2 O-O 9. a5 c5 10. Re1 a6 11. exd5 exd5 12. Ne5 Re8 13. Nb3 Nfd7 14. Nxf7 Kxf7 15. Qh5+ Kf8 16. Qxh7 Nf6 17. Qg6 Nc6 18. Bg5 Bd6 19. Bxd5 Nxd5 20. Bxd8 Rxe1+ 21. Rxe1 Rxd8 22. Qf5+ Nf6 23. Nxc5 Nd4 24. Ne6+ Nxe6 25. Rxe6 Bc8 26. Rxf6+ gxf6 27. Qxf6+ Ke8 28. h4 Be7 29. Qg6+ Kd7 30. h5 Bb7 31. h6 Bd5 32. h7 b3 33. c4 Be6 34. Qg7 Kd6 35. h8=Q Rxh8 36. Qxh8 Bf5 37. Qc3 Bg5 38. Qxb3 Bd2 39. Qb6+ Ke7 40. Qc5+ Ke6 41. Qd5+ Kf6 42. Qd4+ Ke6 43. c5 Bxa5 44. Qd6+ Kf7 45. Qxa6 Bd8 46. c6 Ke7 47. Qb5 Be6 48. Qc5+ Ke8 49. c7 Be7 50. c8=Q+ 1-0


[Site "https://www.chess.com"]

[Event "Titled Tuesday Blitz May 30 Early 2023"]
[White "Bryakin, Mikhail"]
[Black "Duda, Jan-Krzysztof"]
[WhiteFideId "4165314"]
[BlackFideId "1170546"]
[WhiteElo "2467"]
[BlackElo "2790"]
[Result "0-1"]
[Round "10"]
[TimeControl "180+2"]
[Date "2023.05.30"]
[WhiteClock "0:00:04"]
[BlackClock "0:00:04"]

1. Nf3 b6 2. g3 Bb7 3. Bg2 g6 4. O-O Bg7 5. d4 e6 6. c4 Ne7 7. Nc3 d6 8. e4 Nd7 9. Re1 a6 10. Qc2 O-O 11. Be3 h6 12. Rad1 b5 13. cxb5 axb5 14. Nxb5 Rxa2 15. Na3 Qa8 16. Qb3 Bxe4 17. Qxa2 Bxf3 18. Bxf3 Qxf3 19. Qc4 Nd5 20. Qe2 Qf5 21. Nb5 Rb8 22. Nc3 N7f6 23. Nxd5 Nxd5 24. Ra1 Qh3 25. Ra2 Bf6 26. Rea1 Kg7 27. Ra8 Rb3 28. R8a3 Rb6 29. Ra6 Rxa6 30. Rxa6 h5 31. Qf3 h4 32. Ra5 hxg3 33. hxg3 Qh8 34. Kg2 Qb8 35. Rxd5 exd5 36. Bh6+ Kxh6 37. Qxf6 Qe8 38. b4 Kh7 39. Kg1 Kg8 40. Kg2 Qe4+ 41. Kh2 Qc2 42. Kg2 Qc4 43. g4 Qxb4 44. g5 Qb8 45. Qe7 c5 46. dxc5 dxc5 47. Qxc5 Qe5 48. Qc8+ Kg7 49. Qg4 d4 50. Qg3 Qd5+ 51. Kf1 d3 52. Ke1 Qa5+ 53. Kd1 Qc3 54. Qe3 Kf8 55. Qd2 Qa1+ 56. Qc1 Qa4+ 57. Ke1 Qe4+ 58. Qe3 Qxe3+ 59. fxe3 Ke7 60. Kd2 Ke6 61. e4 Ke5 62. Kxd3 Kf4 63. Kd4 Kxg5 64. Ke5 f5 65. Kd4 f4 66. e5 Kf5 67. Kd5 f3 68. e6 Kf6 69. Kd6 f2 70. e7 f1=Q 71. e8=Q Qd3+ 72. Kc5 Qc3+ 73. Kd5 Qb3+ 74. Kd4 Qd1+ 75. Kc3 Qd6 76. Qh8+ Kf5 77. Qh3+ Kg5 78. Qg2+ Kh4 79. Qh1+ Kg4 80. Qe4+ Kh3 81. Qh1+ Qh2 82. Qa8 Qg3+ 83. Kd2 Qf2+ 84. Kc3 g5 85. Qh8+ Kg3 86. Qe5+ Kh4 87. Qh8+ Kg4 88. Qc8+ Kg3 89. Qg8 g4 90. Kd3 Qf3+ 91. Kd2 Kg2 92. Qg5 g3 93. Qg8 Kf2 94. Kc1 g2 95. Qa2+ Ke1 96. Qd2+ Kf1 97. Qg5 g1=Q 98. Qb5+ Qe2 99. Qg5 Qxg5+ 100. Kb1 Qgd2 101. Ka1 Qdd1# 0-1


[Site "https://www.chess.com"]

[Event "Titled Tuesday Blitz May 30 Early 2023"]
[White "Pranav, V"]
[Black "Hayrapetyan, Hovik"]
[WhiteFideId "25060783"]
[BlackFideId "13302639"]
[WhiteElo "2515"]
[BlackElo "2348"]
[Result "0-1"]
[Round "10"]
[TimeControl "180+2"]
[Date "2023.05.30"]
[WhiteClock "0:00:06"]
[BlackClock "0:00:25"]

1. e4 c5 2. Nf3 d6 3. d4 cxd4 4. Nxd4 Nf6 5. Nc3 a6 6. Bg5 Nbd7 7. Bc4 Qb6 8. O-O Qc5 9. Bd5 e6 10. Re1 Ne5 11. Bb3 Be7 12. h3 O-O 13. Be3 Qc7 14. f4 Nc4 15. Bxc4 Qxc4 16. Qf3 Qc7 17. Rad1 b5 18. e5 Bb7 19. Qg3 dxe5 20. fxe5 b4 21. Nce2 Ne4 22. Qh2 Rad8 23. Rf1 Rd5 24. Nf4 Rxe5 25. Nd3 Bd6 26. Nxe5 Bxe5 27. Bf4 Bxf4 28. Qxf4 e5 29. Qh2 Qc5 30. Rf5 f6 31. Kh1 Bc8 32. Rf3 exd4 33. Qf4 Bb7 34. Rfd3 Qxc2 35. Kg1 Nc3 36. Qd2 Qxd1+ 0-1


[Site "https://www.chess.com"]

[Event "Titled Tuesday Blitz May 30 Early 2023"]
[White "Kukhmazov, Arsen"]
[Black "Svane, Rasmus"]
[WhiteFideId "24108260"]
[BlackFideId "4657101"]
[WhiteElo "2396"]
[BlackElo "2601"]
[Result "0-1"]
[Round "10"]
[TimeControl "180+2"]
[Date "2023.05.30"]
[WhiteClock "0:00:01"]
[BlackClock "0:00:29"]

1. d4 Nf6 2. c4 e6 3. Nf3 d5 4. e3 b6 5. b3 Bb7 6. Bd3 Bd6 7. O-O O-O 8. Bb2 Nbd7 9. Nc3 a6 10. Qe2 Re8 11. e4 dxc4 12. bxc4 e5 13. d5 Nc5 14. Bc2 Bc8 15. Na4 Nb7 16. Nd2 Qe7 17. Rae1 Bd7 18. f4 b5 19. fxe5 Bxe5 20. Bxe5 Qxe5 21. Nf3 Bg4 22. cxb5 Bxf3 23. gxf3 axb5 24. Qxb5 Nd6 25. Qb2 Qxb2 26. Nxb2 Rxa2 27. Rb1 Ra3 28. Bd3 Nh5 29. Be2 Nf4 30. Kf2 g5 31. Rfc1 Re7 32. Nc4 Nxc4 33. Bxc4 Kg7 34. Rc2 h5 35. Rb3 Ra1 36. Bf1 f5 37. Rbc3 fxe4 38. fxe4 Ra7 39. e5 Nxd5 40. Rc5 Nf4 41. Kf3 Kg6 42. Ke4 Ra1 43. Bb5 Re1+ 44. Kd4 Ne6+ 0-1


[Site "https://www.chess.com"]

[Event "Titled Tuesday Blitz May 30 Early 2023"]
[White "Zhigalko, Sergei"]
[Black "Ilamparthi A R"]
[WhiteFideId "13502956"]
[BlackFideId "45015775"]
[WhiteElo "2626"]
[BlackElo "2348"]
[Result "1-0"]
[Round "10"]
[TimeControl "180+2"]
[Date "2023.05.30"]
[WhiteClock "0:00:10"]
[BlackClock "0:00:03"]

1. e4 c5 2. c3 Nf6 3. e5 Nd5 4. Nf3 d6 5. Bc4 Nb6 6. Bb3 dxe5 7. Nxe5 e6 8. O-O Bd6 9. d4 O-O 10. Nf3 Nc6 11. Re1 Qc7 12. Be3 cxd4 13. cxd4 Nd5 14. Nc3 Nxe3 15. fxe3 a6 16. e4 b5 17. e5 Be7 18. Kh1 Na5 19. d5 exd5 20. Bxd5 Bb7 21. Nd4 b4 22. Bxb7 Qxb7 23. Na4 Rad8 24. Qg4 h5 25. Qf4 Bg5 26. Qxg5 Rxd4 27. h3 Qc6 28. b3 Nb7 29. Rac1 Qd5 30. Qxh5 Nd8 31. Nb6 Qb7 32. Nc4 Ne6 33. Nd6 Qd5 34. Nf5 Re8 35. Rc8 Rxc8 36. Ne7+ Kf8 37. Nxd5 Rxd5 38. Qh8+ 1-0


[Site "https://www.chess.com"]

[Event "Titled Tuesday Blitz May 30 Early 2023"]
[White "Asis Gargatagli, Hipolito"]
[Black "Quintiliano Pinto, Renato R."]
[WhiteFideId "2260735"]
[BlackFideId "2117568"]
[WhiteElo "2557"]
[BlackElo "2459"]
[Result "1-0"]
[Round "10"]
[TimeControl "180+2"]
[Date "2023.05.30"]
[WhiteClock "0:00:31"]
[BlackClock "0:00:00"]

1. e4 e6 2. d4 d5 3. Nd2 c5 4. Ngf3 cxd4 5. Nxd4 Nf6 6. exd5 Nxd5 7. c3 Be7 8. Nc4 O-O 9. Bd3 Nd7 10. O-O N7f6 11. Re1 Bd7 12. Ne5 Rc8 13. Qf3 Bd6 14. Nxd7 Qxd7 15. Bg5 h6 16. Bd2 a6 17. Rad1 Qc7 18. g3 Be5 19. Nc2 Rfd8 20. Ne3 Nxe3 21. Bxe3 Nd5 22. Bc1 Nf6 23. a4 Rd5 24. Bc2 Rcd8 25. Rxd5 Rxd5 26. Qe2 Bd6 27. Rd1 Rxd1+ 28. Qxd1 a5 29. Qe2 Bc5 30. Kg2 b6 31. Qf3 Qd8 32. h3 Nd5 33. Qd3 f5 34. Qe2 Qd7 35. g4 Qc6 36. Qf3 fxg4 37. hxg4 Qd7 38. Qd3 Nf6 39. Qxd7 Nxd7 40. Bb3 Kf7 41. f4 Kf6 42. Kf3 g5 43. Ke4 Bd6 44. fxg5+ hxg5 45. Bc2 Nc5+ 46. Kf3 Nd7 47. Bd1 Bc7 48. Be3 Ne5+ 49. Ke4 Nc4 50. Bd4+ e5 51. Bf2 1-0


[Site "https://www.chess.com"]

[Event "Titled Tuesday Blitz May 30 Early 2023"]
[White "Mahdavi, Reza"]
[Black "Novikov, Evgenij"]
[WhiteFideId "12595926"]
[BlackFideId "4125380"]
[WhiteElo "2352"]
[BlackElo "2242"]
[Result "1-0"]
[Round "10"]
[TimeControl "180+2"]
[Date "2023.05.30"]
[WhiteClock "0:01:22"]
[BlackClock "0:00:04"]

1. e4 c6 2. d4 d5 3. e5 Bf5 4. Nf3 e6 5. Be2 Nd7 6. O-O h6 7. a4 b6 8. Na3 Ne7 9. c4 dxc4 10. Nxc4 Nd5 11. Bd3 Bxd3 12. Qxd3 Bb4 13. Bd2 O-O 14. Bxb4 Nxb4 15. Qe4 Nd5 16. Nd6 Qe7 17. Rfc1 c5 18. a5 f6 19. Nf5 Qf7 20. Nd6 Qe7 21. Nh4 Rfb8 22. Ng6 Qd8 23. a6 Nf8 24. Nf4 f5 25. Qf3 Nxf4 26. Qxf4 Nd7 27. Rc2 Qg5 28. Qf3 Kf8 29. Qc6 Ke7 30. Nb5 Qf4 31. Qd6+ Kd8 32. Nc7 Qe4 33. Nxe6+ Ke8 34. Nc7+ Kd8 35. e6 Qxd4 36. e7+ Kc8 37. e8=Q# 1-0


[Site "https://www.chess.com"]

[Event "Titled Tuesday Blitz May 30 Early 2023"]
[White "Atoufi, Pedram"]
[Black "Sethuraman, S.P."]
[WhiteFideId "12501654"]
[BlackFideId "5021596"]
[WhiteElo "2228"]
[BlackElo "2543"]
[Result "1-0"]
[Round "10"]
[TimeControl "180+2"]
[Date "2023.05.30"]
[WhiteClock "0:00:10"]
[BlackClock "0:00:01"]

1. Nc3 d5 2. d4 Nf6 3. Nf3 e6 4. e3 a6 5. Bd3 c5 6. O-O c4 7. Be2 b5 8. a3 Bb7 9. Bd2 Nbd7 10. Na2 Bd6 11. Bb4 Bc7 12. Bd2 O-O 13. h3 Ne4 14. Nc3 f5 15. Rb1 Qe7 16. Nxe4 fxe4 17. Bb4 Bd6 18. Bxd6 Qxd6 19. Nd2 e5 20. Bg4 Nf6 21. dxe5 Qxe5 22. Re1 d4 23. exd4 Qxd4 24. Nxe4 Qb6 25. Qd6 Bc6 26. Qc5 Qxc5 27. Be6+ Kh8 28. Nxc5 a5 29. a4 bxa4 30. Bxc4 Rfc8 31. Be6 Rc7 32. Re5 h6 33. Rd1 Re8 34. f4 Ba8 35. c4 Bc6 36. Bf5 Rce7 37. Rxe7 Rxe7 38. Rd8+ Ne8 39. Kf2 Kg8 40. Bg6 Kf8 41. Rc8 a3 42. bxa3 Rc7 43. Ne6+ Ke7 44. Nxc7 Nd6 45. Rg8 1-0


[Site "https://www.chess.com"]